 Dungeon Crawl Stone Soup version 0.25-a0-292-gaa31f046c4 (webtiles) character file.

Game seed: 6103810517228129464, levelgen mode: deterministic

1978 MoonlitKnight the Spear-Bearer (level 9, -1/71 HPs)
             Began as a Merfolk Skald on Dec 15, 2019.
             Was an Initiate of Ashenzari.
             Slain by a wight
             ... wielding a cursed +3 long sword
              (8 damage)
             ... on level 8 of the Dungeon.
             The game lasted 00:24:34 (8922 turns).

MoonlitKnight the Spear-Bearer (Merfolk Skald)      Turns: 8922, Time: 00:24:35

Health: -1/71      AC: 11    Str: 13    XL:     9   Next: 20%
Magic:  12/12      EV: 10    Int: 14    God:    Ashenzari [......]
Gold:   369        SH:  0    Dex: 13    Spells: 6/12 levels left

rFire    . . .     SeeInvis .   a - +0 spear
rCold    . . .     Gourm    .   (no shield)
rNeg     . . .     Faith    .   o - +3 scale mail
rPois    .         Spirit   .   l - +1 helmet
rElec    .         Reflect  .   (no cloak)
rCorr    +         Harm     .   (no gloves)
MR       .....                  (no boots)
Stlth    ..........             (no amulet)
HPRegen  0.21/turn              g - ring of resist corrosion
MPRegen  0.13/turn              t - ring of wizardry

@: very slightly contaminated, heavily drained, invisible (expiring)
A: change form in water, swift swim, stealthy swim
a: Curse Item, Renounce Religion


You were on level 8 of the Dungeon.
You worshipped Ashenzari.
Ashenzari was noncommittal.
You were hungry.

You visited 1 branch of the dungeon, and saw 8 of its levels.

You collected 369 gold pieces.

Inventory:

Hand Weapons
 a - a +0 spear (weapon)
 b - a +0 hunting sling
 m - a +1 arbalest of freezing
Missiles
 i - 12 poisoned darts (quivered)
 k - 22 sling bullets
 r - 7 javelins
Armour
 l - a +1 helmet (worn)
 o - a +3 scale mail (worn)
Jewellery
 g - a ring of resist corrosion (left hand)
 p - an uncursed ring of stealth
 t - a ring of wizardry (right hand)
 u - an uncursed ring of protection from cold
Wands
 c - a wand of disintegration (11)
 w - a wand of iceblast (4)
 y - a wand of paralysis (8)
Scrolls
 f - a scroll of identify
 h - 2 scrolls of fog
 j - 2 scrolls of magic mapping
 n - 2 scrolls of enchant weapon
 q - a scroll of blinking
 z - 2 scrolls of amnesia
 A - a scroll of teleportation
 D - 2 scrolls of remove curse
Potions
 e - 3 potions of flight
 v - 3 potions of curing
 x - a potion of brilliance
 B - a potion of magic
 E - a potion of heal wounds {unknown}
Comestibles
 d - 7 rations


   Skills:
 + Level 6.7(5.1) Fighting
 * Level 11.9(10.1) Polearms
 - Level 3.2(1.8) Armour
 + Level 5.5(4.0) Dodging
 - Level 2.0(0.6) Spellcasting
 - Level 3.2(1.8) Charms


You had 6 spell levels left.
You knew the following spells:

 Your Spells              Type           Power        Failure   Level  Hunger
a - Infusion              Chrm           #...         24%         1    ##.....
b - Shroud of Golubria    Chrm/Tloc      #.....       45%         2    ###....
c - Spectral Weapon       Hex/Chrm       #.......     69%         3    ####...

Your spell library contained the following spells:

 Spells                   Type           Power        Failure   Level  Hunger
 Song of Slaying          Chrm           #.......     34%         2    ###....
 Regeneration             Chrm/Necr      #.........   69%         3    ####...


Dungeon Overview and Level Annotations

Branches:
Dungeon (8/15)             Temple (0/1) D:7
   Lair: D:8-11

Altars:
Ashenzari
Dithmenos
Fedhas
Gozag
Hepliaklqana
Nemelex Xobeh
Qazlal
Trog
Yredelemnul

Annotations:
D:4 1 runed translucent door, Crazy Yiuf


Message History

The adder hisses angrily.
A two-headed ogre comes into view. It is wielding two +0 giant clubs.
The wight barely misses you.
You hit the wight but do no damage.
The wight is almost destroyed.
The two-headed ogre shouts in stereo!
The adder hisses angrily.
You hit the wight but do no damage.
The wight is almost destroyed.
You flicker for a moment.
The two-headed ogre shouts in stereo!
The adder hisses angrily.
You hear a bark!
The wight barely misses you.
You hit the wight but do no damage.
The wight is almost destroyed.
The two-headed ogre shouts in stereo!
The adder hisses angrily.
A hound comes into view.
You closely miss the wight.
The wight is almost destroyed.
The wight hits you with a cursed +3 long sword!
You die...

#########
#@...S.Oh
#z#######
#.# ..#
###


You could see a two-headed ogre (wandering), a hound, a wight and an adder
(wandering).

Vanquished Creatures
  Pikel (D:5)
  A hungry ghost (D:4)
  A slave (D:5)
  2 ice beasts (D:5)
  A sky beast (D:6)
  2 ogres
  A bullfrog (D:7)
  2 scorpions
  A wyvern skeleton (D:4)
  2 wights (D:7)
  2 howler monkeys (D:6)
  A jelly (D:6)
  A quasit (D:6)
  An orc priest (D:3)
  A bullfrog skeleton (D:4)
  A hound (D:6)
  An iguana (D:4)
  2 worker ants (D:4)
  3 orc wizards
  A hound skeleton (D:7)
  4 gnolls (D:5)
  9 adders
  2 shadow imps (D:5)
  4 worms
  A dart slug (D:4)
  8 leopard geckos
  16 orcs
  6 giant cockroaches
  4 goblins
  5 hobgoblins
  9 jackals
  2 quokkas
  8 bats
  3 frilled lizards
  A jackal skeleton (D:5)
  10 kobolds
  8 rats
128 creatures vanquished.

Notes
Turn   | Place    | Note
-------+----------+-------------------------------------------
     0 | D:1      | MoonlitKnight the Merfolk Skald began the quest for the
                  | Orb.
     0 | D:1      | Reached XP level 1. HP: 16/16 MP: 3/3
   230 | D:1      | Reached XP level 2. HP: 23/23 MP: 5/5
   252 | D:1      | Learned a level 2 spell: Shroud of Golubria
   655 | D:1      | Reached skill level 4 in Polearms
   955 | D:2      | Found a sparkling altar of Nemelex Xobeh.
   991 | D:2      | Reached XP level 3. HP: 28/28 MP: 6/6
  1077 | D:2      | Learned a level 3 spell: Spectral Weapon
  1323 | D:2      | Reached XP level 4. HP: 26/34 MP: 0/7
  1840 | D:2      | Reached skill level 5 in Polearms
  2063 | D:3      | Found a stormy altar of Qazlal.
  2066 | D:3      | Found a blossoming altar of Fedhas.
  2077 | D:3      | Reached XP level 5. HP: 38/41 MP: 4/8
  2431 | D:3      | Reached skill level 6 in Polearms
  3163 | D:3      | Reached XP level 6. HP: 48/48 MP: 9/9
  3596 | D:4      | Reached skill level 7 in Polearms
  3596 | D:4      | Reached skill level 5 in Dodging
  3941 | D:4      | Noticed a hungry ghost
  3971 | D:4      | Killed a hungry ghost
  3971 | D:4      | Reached skill level 1 in Armour
  3971 | D:4      | Reached XP level 7. HP: 54/55 MP: 1/10
  3983 | D:4      | Reached skill level 8 in Polearms
  4716 | D:4      | Found a runed translucent door.
  4717 | D:4      | Noticed Crazy Yiuf
  5210 | D:5      | Entered Level 5 of the Dungeon
  5638 | D:5      | Noticed Pikel
  6642 | D:5      | Found a hazy altar of Hepliaklqana.
  6674 | D:5      | Found a shadowy altar of Dithmenos.
  6677 | D:5      | Found a basalt altar of Yredelemnul.
  6678 | D:5      | Found a shattered altar of Ashenzari.
  6713 | D:5      | Reached skill level 5 in Fighting
  6713 | D:5      | Reached skill level 9 in Polearms
  6839 | D:5      | Became a worshipper of Ashenzari the Shackled
  6884 | D:5      | Killed Pikel
  6884 | D:5      | Reached skill level 10 in Polearms
  6884 | D:5      | Reached XP level 8. HP: 50/64 MP: 6/11
  7697 | D:6      | Reached skill level 11 in Polearms
  7870 | D:6      | Reached XP level 9. HP: 35/71 MP: 12/12
  8354 | D:6      | Noticed a moth of wrath
  8357 | D:6      | Found a bloodstained altar of Trog.
  8766 | D:7      | Found an opulent altar of Gozag.
  8798 | D:7      | Found a staircase to the Ecumenical Temple.
  8897 | D:7      | HP: 3/71 [wight/+8 spear (2)]
  8918 | D:8      | Noticed a two-headed ogre
  8922 | D:8      | Slain by a wight

Levels and vault maps discovered:
D:1:      dpeg_arrival_rooms_c, layout_loops_ring, palyth_stone_intersect
D:2:      layout_rooms, first_ration, minmay_hedge_maze, grunt_ministairs_11,
          nemelex_altar_shiori
D:3:      cheibrodos_pilgrimage, layout_rooms,
          grunt_temple_overflow_forces_of_nature, kennysheep_generic_room_14
D:4:      layout_loops_ring, uniq_crazy_yiuf_cottage
D:5:      layout_basic, grunt_temple_overflow_open, basic_altar, uniq_pikel
D:6:      layout_gridville, tgw_trog
D:7:      layout_loops_ring, minmay_temple_entry_junction_2,
          biasface_ghost_orc_armoury, the_bakery,
          nicolae_gozag_cash_rules_everything_around_me
D:8:      layout_loops_ring

Skill      XL: |  1  2  3  4  5  6  7  8 |
---------------+-------------------------+-----
Dodging        | 3 4 5 |  5.5
Polearms       | 4 5 6 7 10 11 | 11.9
Fighting       | 3 4 5 6 |  6.7
Armour         | 1 2 3 |  3.2
Spellcasting   | |  2.0
Charms         | |  3.2

Action                   |  1- 3 |  4- 6 |  7- 9 || total
-------------------------+-------+-------+-------++-------
Melee: Spear             |   106 |   242 |   529 ||   877
 Fire: Hunting sling     |       |       |    11 ||    11
Throw: Dart              |       |       |    50 ||    50
 Cast: Infusion          |     6 |     6 |     7 ||    19
       Shroud of Golubri |     1 |       |       ||     1
       Spectral Weapon   |       |     1 |       ||     1
  Use: Potion            |       |     4 |     1 ||     5
       Scroll            |       |       |    13 ||    13
  Eat: Chunk             |     2 |     2 |    11 ||    15
       Ration            |       |     2 |     2 ||     4
Armor: Ring mail         |    33 |    24 |       ||    57
       Scale mail        |       |    38 |   154 ||   192
       Skin              |       |    19 |       ||    19
Dodge: Dodged            |    44 |   100 |   230 ||   374

Table legend:
 A = Non-vault XP
 B = Vault XP
 C = Vault XP percentage of total XP
 D = Non-vault monster count
 E = Vault monster count
 F = Vault count percentage of total count
                 A         B        C        D         E       F
            +---------+---------+-------+---------+---------+-------
      Total |    2062 |     764 |  27.0 |     112 |      15 |  11.8
            +---------+---------+-------+---------+---------+-------
        D:1 |      28 |       0 |   0.0 |      16 |       0 |   0.0
        D:2 |     133 |       2 |   1.5 |      19 |       2 |   9.5
        D:3 |      65 |     102 |  61.1 |      18 |       7 |  28.0
        D:4 |     591 |       0 |   0.0 |      24 |       0 |   0.0
        D:5 |     507 |     651 |  56.2 |      18 |       1 |   5.3
        D:6 |     512 |       9 |   1.7 |      13 |       5 |  27.8
        D:7 |     226 |       0 |   0.0 |       4 |       0 |   0.0
            +---------+---------+-------+---------+---------+-------
